 Dungeon Crawl Stone Soup version 0.27.1-2-g3b301248ec (webtiles) character file.

Game seed: 15334615356855806617

85 Crimsonway the Magician (level 4, -3/46 HPs)
             Began as a Djinni Air Elementalist on Sept 25, 2021.
             Slain by Grinder (4 damage)
             ... on level 3 of the Dungeon.
             The game lasted 00:14:33 (1115 turns).

Crimsonway the Magician (Djinni Air Elementalist)   Turns: 1115, Time: 00:14:34

Health: -3/46      AC: 22    Str:  7    XL:     4   Next: 75%
Gold:   107        EV:  2    Int: 17    God:
                   SH:  0    Dex: 14

rFire    . . .     SeeInvis .   f - +0 spear
rCold    . . .     Faith    .   (no shield)
rNeg     + + +     Spirit   .   (armour currently unavailable)
rPois    ∞         Reflect  .   (helmet currently unavailable)
rElec    .         Harm     .   (cloak currently unavailable)
rCorr    .         Rampage  .   (gloves currently unavailable)
Will     .....     NoTele   +   (boots unavailable)
Stlth    ++........             (no amulet)
HPRegen  0.15/turn              (no ring)
MPRegen  0.00/turn              (no ring)

@: tree-form, hasted, very quick
A: stationary, stasis, torment immunity, boosted hp, sickness immunity, (fire
resistance 2), (cold vulnerability 1), float, innate caster, hp casting, extra
vitality 1
a: no special abilities


You were on level 3 of the Dungeon.
You were a tree.
You visited 1 branch of the dungeon, and saw 3 of its levels.

You collected 107 gold pieces.

Inventory:

Hand Weapons
 c - a +0 short sword
 f - a +0 spear (weapon)
 g - a +0 short sword
 h - a +0 dagger
Missiles
 b - 74 stones (quivered)
 k - 23 sling bullets
 n - 33 bolts
Armour
 a - a +0 robe (melded)
 i - a +0 leather armour
 o - a +0 chain mail
Scrolls
 d - 2 scrolls of identify {unknown}
 j - a scroll of fog {unknown}
 l - a scroll of holy word {unknown}
Potions
 m - a potion of haste


   Skills:
 + Level 2.5 Dodging
 + Level 1.9 Stealth
 + Level 3.7 Spellcasting


You couldn't memorise any spells.
You knew the following spells:

 Your Spells              Type           Power      Damage    Failure   Level
a - Shock                 Conj/Air       64%        1d7       3%          1
b - Static Discharge      Conj/Air       16%        N/A       5%          2
c - Swiftness             Air            16%        N/A       11%         3
d - Airstrike             Air            8%         N/A       34%         4
e - Summon Small Mammal   Summ           64%        N/A       3%          1
Your spell library was empty.

Dungeon Overview and Level Annotations

Branches:
Dungeon (3/15)

Altars:

Annotations:
D:3 Grinder


Innate Abilities, Weirdness & Mutations

You are a tree.
Your roots penetrate the ground, keeping you stationary.
You cannot be teleported.
You are immune to unholy pain and torment.
Your maximum health is greatly increased.
Your equipment is partially melded.
You are immune to sickness and miasma.
You are immune to poison.
((Your flesh is very heat resistant. (rF++)))
((You are vulnerable to cold. (rC-)))
You float through the air rather than walking.
You learn spells naturally, not from books.
Your magical power is your life essence.
You have superior vitality. (+4 HP)


Message History

Press: ? - help, Q - select action, (/) - cycle Shift-Dir - straight line, f/p - Grinder
Aim: Grinder (heavily wounded, strong, ally target, 53% to hit)
Really fire in your quokka's direction?
You throw a javelin. The javelin barely misses Grinder.
The javelin pierces through your quokka.
Your quokka is severely wounded.
Your quokka disappears in a puff of smoke!
Grinder hits you but does no damage. x2
Throw: 2 javelins
Press: ? - help, Q - select action, (/) - cycle Shift-Dir - straight line, f/p - Grinder
Aim: Grinder (heavily wounded, strong, 53% to hit)
You throw a javelin. The javelin pierces through Grinder.
Grinder is heavily wounded.
Throw: javelin
Press: ? - help, Q - select action, (/) - cycle Shift-Dir - straight line, f/p - Grinder
Aim: Grinder (heavily wounded, strong, 53% to hit)
You throw a javelin. The javelin pierces through Grinder.
Grinder is severely wounded.
Grinder blinks!
Throw: 76 stones
Press: ? - help, Q - select action, (/) - cycle Shift-Dir - straight line, f/p - Grinder
Aim: Grinder (severely wounded, strong, 53% to hit)
You throw a stone.
The stone hits Grinder but does no damage.
Grinder is severely wounded.
Throw: 75 stones
Press: ? - help, Q - select action, (/) - cycle Shift-Dir - straight line, f/p - Grinder
Aim: Grinder (severely wounded, strong, 53% to hit)
You throw a stone.
The stone hits Grinder but does no damage.
Grinder is severely wounded.
Grinder hits you but does no damage.
Aiming: Shock (safe; 3% risk of failure)
Press: ? - help, Q - select action, (/) - cycle Shift-Dir - straight line, f/p - Grinder
Aim: Grinder (severely wounded, strong, 68% to hit)
The zap hits Grinder.
Grinder is severely wounded.
* * * LOW HITPOINT WARNING * * *
Grinder hits you.
You die...

#..... #.... #
#.... .. #... .##
#... .. .>
#.#####.#####
...!#+#............
.......♣..##.......
.....†5............
#....(..).#<.#.....
#.....#(..#.#......
##.####.###....####
.. .... ....... .
..)). ........
....(..........#
o.... .........#


You could see Grinder (strong).

Vanquished Creatures
  An orc priest (D:3)
  2 adders (D:2)
  An orc (D:3)
  2 ball pythons (D:2)
  4 bats
  5 endoplasms
  4 giant cockroaches
  3 hobgoblins (D:1)
  3 kobolds
  2 quokkas (D:2)
  3 frilled lizards
  A goblin (D:1)
  3 rats
34 creatures vanquished.

Notes
Turn   | Place    | Note
-------+----------+-------------------------------------------
     0 | D:1      | Crimsonway the Djinni Air Elementalist began the quest for
                  | the Orb.
     0 | D:1      | Reached XP level 1. HP: 15/15 MP: 0/0
   324 | D:1      | Reached XP level 2. HP: 18/21 MP: 0/0
   677 | D:2      | Reached skill level 3 in Spellcasting
   737 | D:2      | Reached XP level 3. HP: 15/25 MP: 0/0
   737 | D:2      | Learned a level 1 spell: Summon Small Mammal
   916 | D:2      | Reached XP level 4. HP: 29/31 MP: 0/0
  1097 | D:3      | Noticed Grinder
  1115 | D:3      | Slain by Grinder

Illustrated notes

Levels and vault maps discovered:
D:1:      heliophobic_arrival_enchanted_forest, layout_basic, minivault_27,
          hangedman_feature_mirror, chequers_avenue
D:2:      minmay_general_purpose_star, layout_basic
D:3:      layout_basic, mainiacjoe_overflow_alcove_2,
          shapermc_ecumenical_altar_hornbeckon, wad_floor_pattern_2,
          minmay_liquid_box, uniq_grinder

Skill      XL: |  1  2 |
---------------+-------+-----
Spellcasting   | 3 |  3.7
Dodging        | |  2.5
Stealth        | |  1.9

Action                   |  1- 3 |  4- 6 || total
-------------------------+-------+-------++-------
Melee: Short sword       |     2 |       ||     2
Throw: Javelin           |       |     8 ||     8
       Stone             |       |     3 ||     3
 Cast: Shock             |    53 |    22 ||    75
       Summon Small Mamm |       |     3 ||     3
  Use: Potion            |     1 |     2 ||     3
Armor: Robe              |     3 |       ||     3
       Skin              |       |     3 ||     3
Dodge: Dodged            |     9 |       ||     9
